 Dungeon Crawl Stone Soup version 0.30.1-3-gfc49f6343a (webtiles) character file.

Game seed: 2039985018644509792

466 Fodor the Covered (level 6, 0/56 HPs)
             Began as a Minotaur Fighter on July 20, 2023.
             Slain by a gnoll
             ... wielding a +0 halberd
              (8 damage)
             ... on level 5 of the Dungeon.
             The game lasted 00:18:48 (3630 turns).

Fodor the Covered (Minotaur Fighter)                Turns: 3630, Time: 00:18:49

Health: 0/56       AC: 13    Str: 22    XL:     6   Next: 81%
Magic:  5/5        EV:  6    Int:  5    God:
Gold:   140        SH:  4    Dex: 10    Spells: 5/5 levels left

rFire   + . .        q - +0 war axe
rCold   . . .        c - +0 buckler
rNeg    + . .        e - +0 plate armour
rPois   .            (helmet restricted)
rElec   .            (no cloak)
rCorr   .            (no gloves)
SInv    .            t - +0 pair of boots
Will    .....        (no amulet) Stlth
                     o - ring of protection from fire
HPRegen 0.29/turn    u - ring of positive energy
MPRegen 0.09/turn

%: no passive effects
@: no status effects
A: horns 2, retaliatory headbutt
a: no special abilities


You were on level 5 of the Dungeon.
You visited 1 branch of the dungeon, and saw 5 of its levels.

You collected 140 gold pieces.

Inventory:

Hand Weapons
 a - a +0 long sword
 q - a +0 war axe (weapon)
 s - a +1 flail of protection
Missiles
 w - 3 boomerangs (quivered)
 x - 3 javelins
Armour
 c - a +0 buckler (worn)
 e - a +0 plate armour (worn)
 t - a +0 pair of boots (worn)
Jewellery
 o - a ring of protection from fire (left hand)
 u - a ring of positive energy (right hand)
 A - a ring of protection from fire
Scrolls
 b - 3 scrolls of teleportation {unknown}
 f - a scroll of amnesia {unknown}
 g - 2 scrolls of magic mapping {unknown}
 h - a scroll of fear {unknown}
 i - 3 scrolls of identify {unknown}
 l - a scroll of enchant weapon {unknown}
 v - a scroll of noise {unknown}
 y - a scroll of enchant armour {unknown}
Potions
 d - 2 potions of might
 j - 5 potions of heal wounds {unknown}
 k - 4 potions of flight {unknown}
 m - 4 potions of lignification {unknown}
 n - a potion of curing {unknown}
 p - a potion of berserk rage {unknown}
 r - a potion of cancellation {unknown}
 z - a potion of mutation {unknown}


   Skills:
 + Level 5.0 Fighting
 + Level 3.4 Long Blades
 + Level 4.7 Axes
 + Level 0.6 Throwing
 + Level 5.5 Armour
 + Level 0.2 Stealth
 + Level 4.6 Shields


You had 5 spell levels left.
You didn't know any spells.
Your spell library was empty.

Dungeon Overview and Level Annotations

Branches:
Dungeon (5/15)
 Temple: D:4-7

Altars:
Cheibriados
Sif Muna
Wu Jian
Xom

Annotations:
D:5 Dowan, Duvessa


Innate Abilities, Weirdness & Mutations

You have a pair of horns on your head.
You reflexively headbutt those who attack you in melee.


Message History

Found a stone staircase leading down.
The gnoll hits you but does no damage. You block the gnoll's attack.
The gnoll hits you but does no damage.
The gnoll hits you from afar with a +0 halberd!
The gnoll barely misses you. x2
You block the gnoll's attack. The gnoll hits you but does no damage.
Dowan mumbles some strange words.
Dowan blinks!
You hit Dowan.
Dowan is moderately wounded.
Dowan casts a spell at you.
The puff of flame hits you but does no damage.
The gnoll hits you from afar with a +0 halberd.
The gnoll hits you from afar with a +0 halberd!
Dowan hits you with a +0 dagger.
You miss Dowan.
Dowan is moderately wounded.
The gnoll hits you from afar with a +0 halberd!
Dowan hits you but does no damage.
You barely miss Dowan.
Dowan is moderately wounded.
The gnoll hits you but does no damage. Dowan hits you but does no damage.
You closely miss Dowan. You headbutt Dowan.
Dowan is moderately wounded.
You block Dowan's attack. The gnoll hits you but does no damage.
The gnoll hits you from afar with a +0 halberd.
Dowan hits you but does no damage.
You barely miss Dowan. Your headbutt misses Dowan.
Dowan is moderately wounded.
The gnoll hits you from afar with a +0 halberd!
* * * LOW HITPOINT WARNING * * *
Dowan barely misses you.
You slash Dowan! Your headbutt misses Dowan.
Dowan is severely wounded.
The gnoll hits you but does no damage. You block Dowan's attack.
Unknown command.
You barely miss Dowan. Your headbutt misses Dowan.
Dowan is severely wounded.
The gnoll hits you from afar with a +0 halberd!
You die...

#....#
#....#
#....#####
#.........
#.gg.g.....
##e######.#
#g# #.#
#.######.#
#@.....#.#
#e####.#^#
## #.#
#.#.##...##
#.#
#..<.......
#.#
###.##...##
#.# #.# ##
#.# #.# #.#
#.# #.#


You could see Duvessa, Dowan and 3 gnolls.

Vanquished Creatures
  Menkaure (D:4)
  Edmund (D:4)
  A scorpion (D:4)
  A sleepcap (D:3)
  An iguana (D:5)
  3 gnolls (D:3)
  An adder (D:4)
  7 orcs (D:4)
  8 ball pythons
  5 bats
  5 endoplasms
  3 giant cockroaches
  13 goblins
  2 hobgoblins (D:4)
  9 jackals
  10 frilled lizards
  4 kobolds
  5 rats
80 creatures vanquished.

Notes
Turn   | Place    | Note
-------+----------+-------------------------------------------
     0 | D:1      | Fodor the Minotaur Fighter began the quest for the Orb.
     0 | D:1      | Reached XP level 1. HP: 19/19 MP: 0/0
   134 | D:1      | Reached XP level 2. HP: 26/27 MP: 1/1
   488 | D:1      | Found a faded altar of an unknown god.
   861 | D:2      | Reached XP level 3. HP: 33/33 MP: 2/2
  1598 | D:3      | Reached XP level 4. HP: 20/40 MP: 3/3
  1755 | D:3      | Reached skill level 1 in Axes
  2507 | D:4      | Noticed Menkaure
  2512 | D:4      | Killed Menkaure
  2513 | D:4      | Reached XP level 5. HP: 29/47 MP: 4/4
  2681 | D:4      | Reached XP level 6. HP: 55/55 MP: 5/5
  2819 | D:4      | Found an ornate altar of the Wu Jian Council.
  2820 | D:4      | Found a shimmering altar of Xom.
  2823 | D:4      | Found a snail-covered altar of Cheibriados.
  2823 | D:4      | Found a shimmering blue altar of Sif Muna.
  3000 | D:4      | Noticed Edmund
  3027 | D:4      | Killed Edmund
  3028 | D:4      | Reached skill level 5 in Fighting
  3028 | D:4      | Reached skill level 5 in Armour
  3599 | D:5      | Entered Level 5 of the Dungeon
  3616 | D:5      | Noticed Dowan
  3616 | D:5      | Noticed Duvessa
  3630 | D:5      | Slain by a gnoll

Illustrated notes

Levels and vault maps discovered:
D:1:      mrwooster_arrival_statue, layout_loops_ring,
          shapermc_ecumenical_altar_mp_ritualfount, serial_glass,
          glass_columns_a, glass_columns_b
D:2:      layout_rooms, roderic_lattice_a, kennysheep_flooded_box,
          minmay_lizard_king
D:3:      layout_loops_corners
D:4:      layout_loops_ring, mainiacjoe_overflow_alcove_3, minivault_24,
          uniq_edmund, uniq_menkaure
D:5:      layout_loops_ring, biasface_ghost_orc_armoury, uniq_grinder,
          uniq_crazy_yiuf_cottage, uniq_duvessa

Skill      XL: |  1  2  3  4  5  6 |
---------------+-------------------+-----
Fighting       | 4 5 |  5.0
Armour         | 4 5 |  5.5
Long Blades    | 3 |  3.4
Shields        | 4 |  4.6
Axes           | 3 4 |  4.7
Throwing       | |  0.6
Stealth        | |  0.2

Action                     |  1- 3 |  4- 6 || total
---------------------------+-------+-------++-------
  Melee: Long sword        |    88 |       ||    88
         Headbutt          |     9 |    12 ||    21
         War axe           |    20 |    95 ||   115
  Throw: Javelin           |       |     6 ||     6
 Armour: Plate armour      |   104 |    54 ||   158
  Dodge: Dodged            |    43 |    31 ||    74
  Block: Buckler           |    32 |    28 ||    60
